Map: Oxide LE

Players

ViBE - Winner!

  • Race: Terran Terran
  • League: Platinum
  • Spawn Location: 7:00

NANDOX

  • Race: Terran Terran
  • League: Diamond
  • Spawn Location: 1:00

VOD

Have the link to the VOD?

Description

Time

  • Played on: April 2, 2021, 12:48 a.m.
  • Length: 15:27
Show
View Real Time Build Order
Export as new Build Order

ViBE Terran - Winner!

Build Orders:  

Get SALT Encoding   

  12  0:00  SCV  
  13  0:12  SCV  
  14  0:19  Supply Depot  
  14  0:24  SCV  
  15  0:40  SCV  
  16  0:43  Barracks  
  16  0:46  Refinery  
  16  0:52  SCV  
  17  1:04  SCV  
  18  1:17  SCV  
  19  1:30  Orbital Command  
  19  1:31  Marine  
  20  1:41  Command Center  
  20  1:56  SCV  
  20  1:57  Marine  
  20  2:00  Supply Depot  
  22  2:12  Factory  
  21  2:16  SCV  
  22  2:23  Barracks Reactor  
  22  2:28  SCV  
  23  2:40  SCV  
  24  2:52  SCV  
  24  2:55  Orbital Command  
  24  2:57  Factory Tech Lab  
  25  2:59  Barracks  
  25  3:02  Refinery, Marine  
  25  3:04  SCV  
  26  3:16  SCV, Siege Tank  
  29  3:22  SCV  
  29  3:25  Marine x2  
  32  3:28  SCV  
  33  3:34  SCV  
  33  3:40  SCV  
  35  3:44  Marine x2  
  35  3:46  SCV  
  38  3:51  Barracks Tech Lab, Starport  
  38  3:53  SCV  
  39  3:58  SCV  
  39  4:02  Supply Depot  
  40  4:04  Supply Depot  
  40  4:05  SCV  
  40  4:08  Marine x2  
  40  4:09  Siege Tank  
  46  4:16  Supply Depot  
  46  4:23  Marine  
  46  4:24  SCV x2, Supply Depot  
  49  4:29  Starport Reactor  
  49  4:31  Marine  
  49  4:32  Marine  
  49  4:36  SCV x2  
  53  4:40  Command Center  
  53  4:41  Marine  
  54  4:48  SCV x2, Siege Tank  
  54  4:52  Marine x2  
  61  4:58  Supply Depot  
  61  4:59  Marine  
  62  5:00  SCV x2  
  62  5:06  Supply Depot  
  64  5:12  SCV  
  64  5:13  SCV  
  66  5:14  Medivac x2  
  66  5:15  Marine x2  
  66  5:17  Marine  
  73  5:22  Refinery  
  73  5:24  SCV  
  73  5:25  Refinery, SCV  
  75  5:34  Engineering Bay  
  75  5:35  Engineering Bay  
  75  5:37  SCV x2  
  75  5:39  Marine  
  75  5:40  Marine x2  
  80  5:49  SCV x2  
  82  5:57  Marine x2  
  82  5:58  Marine  
  85  6:07  Siege Tank  
  85  6:08  Orbital Command  
  78  6:13  SCV x2  
  78  6:15  Marine x2  
  78  6:16  Marine, Stimpack  
  74  6:25  SCV x2  
  63  6:33  Marine x2  
  63  6:34  Marine  
  63  6:35  SCV  
  63  6:37  SCV  
  63  6:38  SCV  
  69  6:43  Refinery  
  70  6:47  SCV  
  70  6:49  SCV  
  70  6:50  SCV  
  70  6:51  Marine x2  
  70  6:52  Marine  
  75  6:59  SCV  
  76  7:02  SCV x2  
  78  7:09  Marine  
  78  7:11  SCV  
  78  7:14  SCV x2  
  78  7:15  Barracks  
  82  7:16  Barracks x2  
  82  7:17  Engineering Bay  
  82  7:18  Engineering Bay  
  82  7:20  Armory  
  82  7:22  Marine x2  
  84  7:23  Terran Infantry Armor Level 1, Terran Infantry Weapons Level 1  
  84  7:26  Marine  
  85  7:38  Medivac x2  
  85  7:39  SCV x3  
  85  7:40  Marine x2  
  94  7:44  Marine  
  95  7:56  Supply Depot x2  
  95  7:57  Marine  
  95  7:58  Marine  
  97  7:59  Combat Shield  
  97  8:00  Supply Depot  
  97  8:02  Marine  
  97  8:04  Barracks Reactor  
  97  8:05  Barracks Reactor x2  
  98  8:10  Orbital Command  
  98  8:12  Viking  
  97  8:15  Marine x2  
  89  8:27  Marine  
  89  8:33  Marine x2  
  88  8:35  SCV x2  
  88  8:38  SCV  
  87  8:47  SCV x2  
  87  8:49  Marine x7  
  87  8:50  SCV  
  87  8:51  Marine  
  87  8:52  Thor  
  102  8:56  Viking  
  102  8:59  SCV  
  102  9:00  SCV  
  102  9:01  Viking  
  102  9:02  SCV  
  109  9:03  Command Center  
  109  9:14  Marine  
  109  9:15  Marine x8  
  118  9:20  Terran Vehicle Weapons Level 1  
  118  9:22  SCV x3  
  121  9:25  Refinery  
  121  9:26  Refinery, Medivac  
  121  9:28  Supply Depot x3  
  81  9:31  Medivac  
  125  9:38  Supply Depot  
  125  9:42  Supply Depot  
  125  9:47  Marine x2  
  125  9:48  Marine  
  125  9:49  Marine x6  
  129  9:56  SCV x3  
  129  10:03  Thor  
  129  10:04  Marine  
  129  10:05  Marine x2  
  129  10:07  Marine x3  
  125  10:08  SCV x3  
  131  10:14  Planetary Fortress  
  131  10:18  Refinery  
  131  10:20  SCV x3  
  134  10:27  Marine x8  
  142  10:29  Marine  
  142  10:32  SCV  
  142  10:33  SCV x2  
  142  10:34  Medivac x2  
  150  10:41  Supply Depot x2  
  150  10:44  SCV  
  150  10:45  SCV x2  
  150  10:47  Thor  
  150  10:48  Marine x4  
  150  10:49  Marine x2  
  164  10:51  Marine  
  164  10:52  Marine  
  164  10:53  Marine  
  164  10:56  SCV x2  
  170  10:57  SCV  
  171  11:12  SCV  
  171  11:13  SCV x3  
  171  11:16  Marine x9  
  171  11:18  Medivac x2  
  186  11:21  Terran Vehicle Weapons Level 2  
  186  11:24  Command Center  
  188  11:30  Terran Infantry Weapons Level 2  
  188  11:31  Terran Infantry Armor Level 2  
  188  11:37  SCV x4  
  192  11:41  Marine  
  192  11:42  Marine x3  
  196  11:47  Marine x4  
  200  11:56  Marine  
  200  11:59  Marine  
  184  12:10  Marine x5  
  184  12:11  SCV x4  
  184  12:13  Thor  
  184  12:14  Medivac x2  
  177  12:20  Marine x4  
  179  12:23  SCV x4  
  179  12:28  Marine x4  
  184  12:33  Missile Turret  
  184  12:34  Missile Turret  
  184  12:35  SCV x3  
  183  12:37  Missile Turret  
  183  12:39  Missile Turret  
  183  12:40  Marine x5  
  183  12:41  SCV x2  
  190  12:45  Marine  
  190  12:46  Marine  
  190  12:47  SCV  
  193  12:51  Missile Turret  
  193  12:53  Planetary Fortress  
  193  12:54  Marine x2  
  193  12:56  SCV  
  193  12:57  Marine  
  193  12:58  Marine x2  
  199  13:01  SCV  
  200  13:25  Starport  
  200  13:27  Factory  
  200  13:29  Barracks, Command Center  
  200  13:31  Barracks  
  200  13:39  SCV  
  200  13:40  SCV x4  
  193  13:52  SCV  
  194  13:58  SCV  
  194  13:59  SCV x2  
  194  14:01  Marine x8  
  200  14:05  Starport Reactor  
  200  14:07  Marine  
  197  14:10  Medivac  
  195  14:20  Barracks Reactor x2, Factory Tech Lab  
  182  14:27  Supply Depot x2  
  182  14:30  Supply Depot x2  
  182  14:38  Supply Depot, Command Center  
  181  14:40  Supply Depot  
  181  14:41  SCV, Supply Depot  
  181  14:43  Marine x4  
  167  15:04  Marine x7  
  167  15:05  Marine  
  179  15:12  SCV x3  
Show
View Real Time Build Order
Export as new Build Order

NANDOX Terran 

Build Orders:  

Get SALT Encoding   

  12  0:02  SCV  
  14  0:14  SCV  
  14  0:18  Supply Depot  
  14  0:26  SCV  
  15  0:42  Barracks  
  15  0:43  SCV  
  15  0:46  Refinery  
  16  0:56  SCV  
  17  1:08  SCV  
  18  1:20  SCV  
  19  1:31  Reaper  
  19  1:32  SCV  
  21  1:41  Command Center  
  21  1:44  SCV  
  22  1:54  Refinery  
  22  2:08  Factory  
  22  2:22  Engineering Bay  
  22  2:24  Barracks Reactor  
  22  2:34  Orbital Command  
  22  2:54  Supply Depot  
  22  3:00  Marine x2  
  24  3:07  Factory Tech Lab  
  24  3:17  Marine  
  24  3:18  Marine  
  26  3:29  Terran Infantry Weapons Level 1  
  26  3:30  Orbital Command  
  26  3:31  Starport  
  26  3:34  Refinery  
  26  3:42  Siege Tank  
  26  3:46  SCV  
  30  3:55  Marine  
  30  3:56  Marine  
  32  4:11  Starport Tech Lab  
  32  4:16  Marine x2  
  34  4:21  Siege Tank  
  34  4:23  SCV x2  
  39  4:31  Supply Depot  
  39  4:49  Medivac  
  39  4:50  Medivac  
  43  4:55  Stimpack  
  43  4:58  Supply Depot  
  43  5:04  Marine  
  44  5:08  SCV  
  45  5:21  Supply Depot  
  45  5:22  Marine  
  46  5:29  Medivac x2  
  46  5:31  Siege Tank  
  53  5:39  Marine  
  53  5:40  SCV x2  
  53  5:41  Barracks  
  56  5:48  Missile Turret  
  56  5:49  Terran Infantry Armor Level 1  
  56  6:14  Marine  
  56  6:29  Barracks  
  56  6:32  Marine  
  44  6:38  Liberator x2  
  50  6:45  SCV x2  
  50  6:46  Barracks Reactor  
  52  6:50  Marine, Combat Shield  
  53  6:57  SCV x2  
  55  7:06  Missile Turret  
  55  7:07  Marine  
  56  7:09  SCV x2  
  56  7:10  Siege Tank  
  61  7:21  SCV x2  
  63  7:25  Marine  
  63  7:26  Supply Depot, Missile Turret  
  64  7:33  SCV  
  65  7:41  Barracks Reactor  
  65  7:42  Marine x2  
  65  7:43  Marine  
  68  7:47  Missile Turret  
  68  7:49  Armory  
  68  7:50  Supply Depot  
  68  8:00  Marine x2  
  68  8:01  Marine  
  71  8:18  Marine x2  
  71  8:19  Marine, Missile Turret  
  71  8:38  SCV x2  
  71  8:40  Missile Turret  
  73  8:47  Terran Infantry Weapons Level 2  
  73  8:48  Marine x2  
  73  8:49  Marine x3  
  73  8:50  SCV x2  
  73  8:54  Command Center  
  80  8:59  Refinery  
  80  9:02  SCV x2  
  82  9:06  Marine x3  
  85  9:10  Missile Turret  
  85  9:14  SCV  
  86  9:20  Supply Depot  
  86  9:31  Missile Turret  
  86  9:42  SCV x2  
  86  9:43  Supply Depot  
  88  9:55  Missile Turret  
  81  10:04  Marine x2  
  81  10:05  Marine x3  
  81  10:06  Missile Turret  
  50  10:07  Supply Depot  
  50  10:18  Liberator x2  
  56  10:22  Marine x3  
  56  10:23  Marine x2, Missile Turret  
  56  10:25  Planetary Fortress  
  56  10:26  Missile Turret  
  56  10:28  Siege Tank  
  64  10:40  Marine x4  
  64  10:41  Marine  
  69  10:45  Missile Turret  
  69  10:47  Missile Turret  
  69  10:49  Terran Vehicle Weapons Level 1  
  69  10:58  Marine x5  
  69  11:02  Terran Infantry Armor Level 2  
  69  11:04  Barracks  
  74  11:05  SCV x3  
  74  11:06  Missile Turret  
  74  11:08  Missile Turret  
  77  11:15  Marine  
  77  11:16  Marine x4  
  77  11:17  SCV  
  83  11:33  Marine, Medivac x2  
  83  11:34  Marine x3  
  83  11:35  Marine  
  92  11:43  Siege Tank  
  95  11:51  Marine x2  
  95  11:52  Marine x2  
  95  11:53  Marine  
  100  11:54  Barracks  
  100  12:03  Medivac x2  
  101  12:09  Marine x3  
  101  12:14  Marine x2  
  82  12:15  Siege Tank  
  74  12:27  Marine x3  
  76  12:31  Marine  
  76  12:32  Marine  
  76  12:33  Medivac  
  77  12:41  SCV x2  
  77  12:42  SCV  
  80  12:44  Marine  
  80  12:45  Marine x2  
  80  12:47  Siege Tank  
  80  12:49  Marine x2  
  88  12:53  Barracks Reactor, SCV  
  88  12:55  Marine  
  90  13:02  Marine  
  90  13:03  Marine x2  
  90  13:04  Refinery  
  93  13:07  Marine x2  
  95  13:13  Refinery, Marine  
  99  13:20  Marine x2, Siege Tank  
  99  13:21  Marine  
  99  13:25  Marine x2  
  104  13:28  Supply Depot  
  104  13:31  Marine  
  105  13:38  Marine x3  
  108  13:43  Marine x2  
  92  13:49  Marine  
  92  13:52  Siege Tank  
  89  14:01  Marine  
  79  14:19  Marine  
  79  14:24  Siege Tank  
  72  14:33  Supply Depot  
  72  14:36  Marine, Supply Depot  
  65  14:42  Barracks  
Tags
 
Matchup
TvT
Player
ViBE
Race
Terran
Replay Pack
Platinum_League
Spawn Locations
Cross Positions
Add a new tag
Caveats
  • Supply blocks, unpowered buildings, or Contaminate may cause inaccurate times.
  • Supply counts are checked every 10 seconds.